 Dungeon Sprint DCSS version 0.23-a0-690-g0a1fc62 (webtiles) character file.

130 galech the Skirmisher (level 4, 11/39 HPs)
             Began as a Demonspawn Fighter on Jan 11, 2019.
             Quit the game in the Dungeon (Sprint IX: "|||||||||||||||||||||||||||||").
             The game lasted 00:00:19 (62 turns).

galech the Skirmisher (Demonspawn Fighter)            Turns: 62, Time: 00:00:20

Health: 11/39      AC:  7    Str: 17    XL:     4   Next: 90%
Magic:  4/4        EV:  7    Int:  9    God:
Gold:   0          SH:  9    Dex: 13    Spells: 3/3 levels left

rFire    . . .     SeeInvis .   a - +0 war axe
rCold    . . .     Gourm    .   c - +0 shield
rNeg     . . .     Faith    .   b - +0 scale mail
rPois    .         Spirit   .   (helmet restricted)
rElec    .         Reflect  .   (no cloak)
rCorr    .         Harm     .   (no gloves)
MR       .....     NoTele   +   (no boots)
Stlth    ..........             (no amulet)
HPRegen  0.13/turn              (no ring)
MPRegen  0.09/turn              (no ring)

@: no status effects
A: antennae 1, claws 1, rot immunity
a: no special abilities


You were in the Dungeon.
You were not hungry.

You visited 1 branch

Inventory:

Hand Weapons
 a - a +0 war axe (weapon)
Armour
 b - a +0 scale mail (worn)
 c - a +0 shield (worn)
Scrolls
 k - a scroll of blinking
Potions
 d - a potion of might
 e - a potion of curing
 g - a potion of heal wounds
 h - a potion of haste
 i - 2 potions of magic
 j - a potion of berserk rage
Comestibles
 f - a ration
 l - 11 chunks of flesh


   Skills:
 + Level 5.6 Fighting
 + Level 4.7 Axes
 + Level 5.2 Armour
 + Level 0.4 Dodging
 + Level 5.1 Shields


You had 3 spell levels left.
You didn't know any spells.
Your spell library was empty.

Dungeon Overview and Level Annotations

Branches:
Dungeon (1/1)

Altars:


Innate Abilities, Weirdness & Mutations

You have a pair of small antennae on your head.
You have sharp fingernails.
You are immune to rotting.


Message History

You kill the centaur!
Your Fighting skill increases to level 5!
Your Axes skill increases to level 4!
Your Armour skill increases to level 5!
Your Shields skill increases to level 5!
You have reached level 4!
You feel stronger.
Your demonic ancestry asserts itself...
You feel immune to rotting.
There is an open door, spattered with blood here.
Items here: ( ))) [ †††† Butcher a centaur corpse? [(y)es/(n)o/(a)ll/(q)uit/?]
You butcher the centaur corpse.
You butcher the orc corpse. x2
You butcher the adder corpse.
l - 7 chunks of flesh (gained 2);
l - 8 chunks of flesh (gained 1)
l - 10 chunks of flesh (gained 2);
l - 11 chunks of flesh (gained 1)
There is an open door, spattered with blood here.
Items here: ( ))) [ ÷÷÷÷ There isn't anything here!
Unknown command.
Are you sure you want to abandon this character and quit the game? (Confirm with "yes".)

▓.▓
▓.▓
▓.▓
▓÷▓
▓.▓
▓.▓
▓.▓
▓.▓
▓@▓
▓)▓
▓.▓
▓.▓
▓.▓
▓.▓
▓.▓
▓+▓


There were no monsters in sight!

Vanquished Creatures
  A centaur (D)
  An orc wizard (D)
  An adder (D)
  An orc (D)
  A giant cockroach (D)
  A hobgoblin (D)
  A quokka (D)
  3 bats (D)
10 creatures vanquished.

Notes
Turn   | Place    | Note
-------+----------+-------------------------------------------
     0 | D        | galech the Demonspawn Fighter began the quest for the Orb.
     0 | D        | Reached XP level 1. HP: 18/18 MP: 1/1
    30 | D        | Noticed an orc wizard
    30 | D        | Noticed a centaur
    34 | D        | Gained mutation: You have sharp fingernails. [demonic
                  | ancestry]
    34 | D        | Reached XP level 2. HP: 14/25 MP: 2/2
    41 | D        | Gained mutation: You have a pair of small antennae on your
                  | head. [demonic ancestry]
    41 | D        | Reached XP level 3. HP: 11/31 MP: 3/3
    54 | D        | Killed a centaur
    54 | D        | Reached skill level 5 in Fighting
    54 | D        | Reached skill level 5 in Armour
    54 | D        | Reached skill level 5 in Shields
    54 | D        | Gained mutation: You are immune to rotting. [demonic
                  | ancestry]
    54 | D        | Reached XP level 4. HP: 10/39 MP: 4/4
    62 | D        | Quit the game

Vault maps used:
D:        linesprint

Skill      XL: |  1  2  3 |
---------------+----------+-----
Armour         | 3 4 5 |  5.2
Axes           | 2 3 4 |  4.7
Shields        | 3 4 5 |  5.1
Fighting       | 4 5 |  5.6
Dodging        | |  0.4

Action                   |  1- 3 |  4- 6 || total
-------------------------+-------+-------++-------
Melee: War axe           |    39 |       ||    39
Armor: Scale mail        |    17 |       ||    17
Dodge: Dodged            |    14 |       ||    14
Block: Shield            |    20 |       ||    20

Table legend:
 A = Non-vault XP
 B = Vault XP
 C = Vault XP percentage of total XP
 D = Non-vault monster count
 E = Vault monster count
 F = Vault count percentage of total count
                 A         B        C        D         E       F
            +---------+---------+-------+---------+---------+-------
      Total |       0 |     187 | 100.0 |       0 |      10 | 100.0
            +---------+---------+-------+---------+---------+-------
          D |       0 |     187 | 100.0 |       0 |      10 | 100.0
            +---------+---------+-------+---------+---------+-------
